 Dungeon Crawl Stone Soup version 0.30-a0-137-gd8773701ce (webtiles) character file.

Game seed: 9001862314669493944

56 jimonade the Shooter (level 3, 0/24 HPs)
             Began as an Octopode Hunter on Sept 21, 2022.
             Succumbed to an adder's poison
             ... on level 2 of the Dungeon.
             The game lasted 00:02:42 (1218 turns).

jimonade the Shooter (Octopode Hunter)              Turns: 1218, Time: 00:02:43

Health: 0/24       AC:  1    Str: 10    XL:     3   Next: 97%
Magic:  3/3        EV: 13    Int: 11    God:
Gold:   104        SH:  0    Dex: 17    Spells: 2/2 levels left

rFire   . . .      SeeInvis .    a - +0 shortbow
rCold   + . .      Faith    .    (shield currently unavailable)
rNeg    . . .      Spirit   .    (helmet restricted)
rPois   .          Reflect  .    (no amulet)
rElec   .          Harm     .    d - ring of protection from cold
rCorr   .          Rampage  .    (no ring)
Will    .....                    (no ring)
Stlth   +++.......               (no ring)
HPRegen 0.08/turn                (no ring)
MPRegen 0.08/turn                (no ring)
                                 (no ring)
                                 (no ring)

@: lethally poisoned (0 -> -12)
A: almost no armour, amphibious, 8 rings, camouflage 1, gelatinous body 1,
(nimble swimmer 1), tentacles
a: no special abilities


You were on level 2 of the Dungeon.
You visited 1 branch of the dungeon, and saw 2 of its levels.

You collected 104 gold pieces.

Inventory:

Hand Weapons
 a - a +0 shortbow (weapon)
 e - a +2 dagger of draining
 h - a +0 spear
Magical Staves
 b - a staff of death
Jewellery
 d - a ring of protection from cold (left tentacle)
Scrolls
 f - a scroll of noise {unknown}
 g - a scroll of identify {unknown}
 i - a scroll of immolation
Potions
 c - a potion of heal wounds {unknown}
 j - a potion of curing {unknown}
 k - a potion of brilliance {unknown}


   Skills:
 - Level 2.0 Fighting
 + Level 5.4 Ranged Weapons
 - Level 2.0 Dodging
 - Level 1.3 Stealth


You had 2 spell levels left.
You didn't know any spells.
Your spell library contained the following spells:

 Spells                   Type           Power      Damage    Failure   Level
 Magic Dart               Conj           0%         1d3       34%         1
 Call Imp                 Summ           0%         N/A       47%         2
 Mephitic Cloud           Conj/Pois/Air  0%         N/A       71%         3


Dungeon Overview and Level Annotations

Branches:
Dungeon (2/15)

Altars:


Innate Abilities, Weirdness & Mutations

You cannot wear most types of armour.
You are amphibious.
You can wear up to eight rings at the same time.
Your skin changes colour to match your surroundings (Stealth+).
Your rubbery body absorbs attacks. (AC +1, EV +1)
((You are camouflaged when in or above water. (Stealth+)))
You have tentacles for arms and can constrict up to eight enemies at once.


Message History

You kill the giant cockroach!
You shoot an arrow. The arrow hits the adder!
The adder is almost dead.
The adder bites you. The ball python barely misses you.
The ball python misses you.
You shoot an arrow. The arrow barely misses the adder.
The adder misses you. The ball python bites you. The ball python grabs you.
The ball python constricts you. The adder completely misses you.
You shoot an arrow. The arrow hits the ball python.
The ball python is moderately wounded.
The ball python barely misses you. The ball python constricts you.
The adder bites you.
You are poisoned.
The adder poisons you! The ball python barely misses you.
The ball python constricts you.
You shoot an arrow. The arrow hits the ball python!
You kill the ball python!
You feel sick. The bat hits you. The adder bites you.
You are more poisoned.
The adder poisons you! The adder bites you but does no damage.
You are too injured to fight recklessly!
* * * LOW HITPOINT WARNING * * *
You feel sick.
Fire: a) +0 shortbow
Press: ? - help, Q - select action Shift-Dir - straight line, f - adder
Aim: an adder (almost dead, 46% to hit)
You shoot an arrow.
The arrow hits the adder but does no damage.
The adder is almost dead.
* * * LOW HITPOINT WARNING * * *
You feel sick. The adder bites you.
* * * LOW HITPOINT WARNING * * *
You are more poisoned.
The adder poisons you! The adder closely misses you.
Fire: a) +0 shortbow
Press: ? - help, Q - select action Shift-Dir - straight line, f/p - adder
Aim: an adder (severely wounded, 46% to hit)
You shoot an arrow. The arrow hits the adder!
You kill the adder!
You die...

# .# # .# ######## .# .......#
##.## .#####.# #...# .#####.#
#.).# .>#....# ##...##
..#.######.# #.....# ..#........#
##@#†#.# ....######.####..#b#..#
..#..# ####...##.##...####
..#..#####....### .. #....######
#..........#### #$ ####.......
#.#..#####....### ..###....#####.
#.#..########...##.##...#####....
# ##........###..# #..###.....##.
# ##..####.# ##.###.## #.######.


There were no monsters in sight!

Vanquished Creatures
  A gnoll (D:1)
  An adder (D:2)
  2 dart slugs (D:1)
  6 endoplasms
  4 giant cockroaches
  2 hobgoblins
  2 jackals (D:1)
  A quokka (D:1)
  2 ball pythons
  6 bats
  2 frilled lizards (D:1)
  5 goblins
  3 kobolds (D:1)
  4 rats (D:1)
  A bush (D:1)
42 creatures vanquished.

Vanquished Creatures (others)
  4 plants (D:1)
4 creatures vanquished.

Grand Total: 46 creatures vanquished

Notes
Turn   | Place    | Note
-------+----------+-------------------------------------------
     0 | D:1      | jimonade the Octopode Hunter began the quest for the Orb.
     0 | D:1      | Reached XP level 1. HP: 14/14 MP: 1/1
    57 | D:1      | Reached XP level 2. HP: 19/19 MP: 2/2
   225 | D:1      | Reached XP level 3. HP: 24/24 MP: 3/3
   253 | D:1      | Reached skill level 5 in Ranged Weapons
   266 | D:1      | Found a faded altar of an unknown god.
  1218 | D:2      | Succumbed to an adder's poison

Illustrated notes

Levels and vault maps discovered:
D:1:      moated_graveyard_arrival, layout_rooms, serial_forest,
          infiniplex_forest_end_2, infiniplex_forest_corner_1,
          infiniplex_forest_lined_corner, infiniplex_forest_straight_4,
          ebering_ecumenical_altar_ruins, nicolae_grassy_gnolls
D:2:      minmay_general_purpose_star, layout_basic, hangedman_decor_push

Skill      XL: |  1  2  3 |
---------------+----------+-----
Ranged Weapons | 5 |  5.4
Fighting       | |  2.0
Dodging        | |  2.0
Stealth        | |  1.3

Action                   || total
-------------------------++-------
Melee: Staff             ||   117
       Tentacles         ||    41
       Punch             ||     2
 Fire: Shortbow          ||    77
Armor: Skin              ||     1
Dodge: Dodged            ||    16

Table legend: (Time is in decaauts)
 A = Elapsed time spent in this place.
 B = Non-inter-level travel time spent in this place.
 C = Inter-level travel time spent in this place.
 D = Time resting spent in this place.
 E = Time spent auto-exploring this place.
 F = Levels seen in this place.
 G = Mean time per level.
                   A        B        C        D        E       F      G
               +--------+--------+--------+--------+--------+-----+--------+
         Total |   1259 |   1206 |     53 |      0 |    828 |   2 |  629.5 |
       Dungeon |   1259 |   1206 |     53 |      0 |    828 |   2 |  629.5 |
               +--------+--------+--------+--------+--------+-----+--------+

Top non-repeatable levels by time:
     D:1: 856 daAuts
     D:2: 402 daAuts
